Map: Moondance

Players

MCanning

  • Race: Protoss Protoss
  • Spawn Location: 12:00

Vindicta - Winner!

  • Race: Terran Terran
  • Spawn Location: 6:00

Event: DreamHack SC2 Masters 2022 Atlanta (Offline)

VOD

Have the link to the VOD?

Description

Time

  • Played on: Nov. 18, 2022, 11:27 a.m.
  • Length: 10:56

All games in this series

Show
View Real Time Build Order
Export as new Build Order

MCanning Protoss 

Build Orders: 1 Gate Expand, Phoenix Opening 

Get SALT Encoding   

  12  0:00  Probe  
  13  0:12  Probe  
  14  0:17  Pylon  
  14  0:24  Probe  
  15  0:36  Probe (Chrono Boost)  
  15  0:37  Gateway  
  16  0:47  Assimilator  
  16  0:48  Probe (Chrono Boost)  
  17  0:52  Probe (Chrono Boost)  
  18  1:03  Probe  
  19  1:15  Probe  
  20  1:22  Nexus  
  20  1:31  Cybernetics Core  
  20  1:35  Probe  
  21  1:42  Assimilator  
  21  1:47  Probe  
  21  1:51  Pylon  
  22  1:59  Probe  
  23  2:06  Adept (Chrono Boost)  
  23  2:07  Probe  
  22  2:15  Probe  
  25  2:20  Stargate  
  26  2:26  Probe  
  26  2:29  Adept  
  29  2:35  Probe (Chrono Boost)  
  29  2:36  Warp Gate  
  30  2:40  Probe (Chrono Boost)  
  31  2:47  Probe (Chrono Boost)  
  33  2:55  Probe x2 (Chrono Boost)  
  33  2:56  Shield Battery  
  34  3:00  Adept  
  34  3:02  Probe  
  34  3:04  Probe  
  37  3:10  Phoenix (Chrono Boost)  
  39  3:14  Probe  
  40  3:23  Probe  
  40  3:26  Phoenix  
  40  3:28  Probe  
  43  3:35  Probe  
  43  3:38  Gateway  
  44  3:41  Gateway  
  44  3:46  Pylon  
  44  3:51  Phoenix (Chrono Boost)  
  46  4:01  Robotics Facility  
  46  4:04  Probe x2  
  48  4:11  Assimilator  
  48  4:13  Assimilator  
  48  4:16  Probe x2  
  50  4:17  Phoenix  
  52  4:28  Probe x2, Pylon  
  52  4:40  Forge, Probe (Chrono Boost)  
  54  4:46  Probe (Chrono Boost)  
  54  4:49  Observer, Probe (Chrono Boost)  
  54  4:51  Pylon  
  56  4:54  Robotics Bay, Probe (Chrono Boost)  
  57  5:00  Stalker x2  
  59  5:07  Stalker  
  61  5:16  Immortal  
  61  5:19  Probe  
  64  5:21  Pylon  
  64  5:24  Stalker  
  64  5:28  Shield Battery  
  66  5:36  Stalker  
  66  5:37  Stalker  
  70  5:47  Observer  
  70  5:50  Nexus  
  70  5:53  Pylon  
  70  5:58  Probe  
  70  5:59  Probe  
  70  6:01  Colossus (Chrono Boost)  
  70  6:04  Extended Thermal Lance (Chrono Boost)  
  72  6:11  Protoss Ground Weapons Level 1 (Chrono Boost)  
  78  6:17  Sentry  
  80  6:18  Probe x2  
  80  6:20  Observer  
  82  6:25  Gateway  
  82  6:30  Gateway, Probe  
  83  6:34  Pylon  
  83  6:36  Probe  
  84  6:43  Probe  
  85  6:48  Probe  
  85  6:49  Colossus (Chrono Boost)  
  85  6:54  Sentry, Pylon  
  94  7:02  Probe x2  
  94  7:06  Probe  
  94  7:07  Twilight Council  
  97  7:11  Gateway  
  97  7:14  Probe x2  
  99  7:18  Robotics Facility  
  99  7:24  Zealot x2, Pylon  
  99  7:25  Zealot  
  99  7:29  Probe  
  106  7:37  Disruptor, Pylon  
  106  7:42  Pylon  
  106  7:44  Blink (Chrono Boost)  
  109  7:45  Nexus  
  109  7:56  Probe  
  110  8:01  Probe, Forge, Pylon  
  111  8:05  Dark Shrine, Probe  
  111  8:08  Disruptor  
  111  8:11  Probe  
  116  8:16  Observer  
  116  8:21  Shield Battery, Disruptor  
  116  8:25  Stalker  
  121  8:27  Zealot  
  121  8:28  Zealot x2  
  121  8:32  Pylon  
  127  8:34  Assimilator  
  127  8:36  Probe, Pylon  
  128  8:42  Probe  
  128  8:45  Protoss Ground Armor Level 1 (Chrono Boost), Pylon  
  128  8:46  Pylon  
  128  8:48  Probe  
  130  8:50  Photon Cannon  
  130  9:00  Photon Cannon  
  130  9:05  Probe  
  130  9:06  Zealot  
  130  9:07  Zealot x2  
  137  9:10  Disruptor  
  137  9:13  Charge (Chrono Boost)  
  140  9:24  Zealot x3  
  140  9:29  Zealot x2  
  140  9:30  Zealot  
  149  9:45  Zealot x2  
  149  9:46  Zealot  
  156  9:54  Zealot  
  148  10:00  Gateway  
  148  10:01  Gateway  
  129  10:10  Zealot x3  
  129  10:18  Dark Templar  
  126  10:25  Gateway  
  126  10:27  Gateway  
  124  10:31  Gateway  
  124  10:32  Zealot x3  
Show
View Real Time Build Order
Export as new Build Order

Vindicta Terran - Winner!

Build Orders:  

Get SALT Encoding   

  12  0:00  SCV  
  13  0:12  SCV  
  14  0:17  Supply Depot  
  14  0:24  SCV  
  15  0:39  SCV  
  15  0:40  Barracks  
  16  0:42  Refinery  
  16  0:51  SCV  
  16  0:53  Refinery  
  17  1:03  SCV  
  18  1:15  SCV  
  19  1:28  Reaper, Orbital Command  
  19  1:30  Supply Depot  
  20  1:42  Factory  
  20  1:54  SCV  
  21  2:00  Reaper  
  22  2:06  SCV  
  23  2:18  SCV  
  24  2:24  Command Center  
  24  2:30  SCV, Hellion  
  27  2:38  Barracks Reactor  
  27  2:42  SCV  
  28  2:45  Supply Depot  
  28  2:53  Starport  
  28  2:54  SCV  
  28  2:57  Widow Mine  
  31  3:07  SCV  
  32  3:13  Marine x2  
  32  3:19  SCV, Widow Mine  
  34  3:30  Viking  
  34  3:31  SCV  
  34  3:32  Marine  
  34  3:33  Marine  
  38  3:36  Orbital Command  
  38  3:43  SCV  
  38  3:45  Factory Tech Lab  
  39  3:50  Marine  
  39  3:51  Marine  
  41  3:55  SCV  
  41  4:00  Viking  
  41  4:01  SCV  
  45  4:04  Cyclone  
  45  4:07  Supply Depot  
  45  4:08  SCV  
  49  4:10  Marine x2  
  49  4:14  SCV  
  52  4:20  SCV  
  52  4:22  Barracks  
  53  4:26  SCV, Barracks  
  54  4:32  Supply Depot, SCV, Marine  
  54  4:37  Cyclone  
  60  4:38  SCV  
  60  4:40  Starport Tech Lab  
  60  4:44  SCV  
  60  4:45  Marine  
  61  4:49  Engineering Bay  
  62  4:52  Refinery  
  62  4:54  SCV  
  62  4:55  Supply Depot  
  62  4:56  Marine  
  62  4:58  SCV  
  65  5:03  Marine  
  65  5:06  SCV  
  67  5:10  SCV  
  67  5:14  Barracks Tech Lab  
  68  5:16  Siege Tank  
  68  5:18  SCV  
  68  5:20  Terran Infantry Weapons Level 1  
  68  5:21  Marine  
  73  5:22  Refinery  
  73  5:23  Supply Depot, Stimpack  
  73  5:26  Marauder  
  75  5:30  Marine  
  75  5:32  Supply Depot  
  73  5:35  SCV  
  73  5:37  Marauder  
  73  5:40  Combat Shield  
  73  5:41  Starport Reactor  
  73  5:42  SCV  
  75  5:47  Marauder, Marine  
  75  5:48  SCV  
  77  5:50  Missile Turret  
  77  5:53  Missile Turret  
  77  5:54  SCV  
  77  5:57  Marine  
  78  5:58  Marauder  
  78  6:02  Siege Tank  
  78  6:03  SCV  
  85  6:05  Marine  
  86  6:15  Command Center  
  86  6:19  Marine  
  86  6:22  SCV  
  88  6:28  Supply Depot, Medivac  
  88  6:29  Medivac  
  88  6:30  Marauder  
  94  6:33  Marine  
  94  6:37  Supply Depot  
  94  6:48  Barracks  
  94  6:49  Barracks, Marine  
  94  6:50  Siege Tank  
  94  6:51  Supply Depot, SCV  
  94  6:53  SCV  
  100  6:56  Marauder  
  100  7:01  Medivac  
  104  7:03  SCV, Medivac  
  104  7:06  Missile Turret, Marauder  
  104  7:07  Concussive Shells  
  109  7:10  SCV  
  110  7:17  SCV  
  110  7:21  Ghost Academy  
  110  7:22  Siege Tank  
  114  7:23  SCV  
  114  7:26  Orbital Command  
  114  7:28  Marine x2  
  117  7:31  SCV  
  117  7:33  Terran Infantry Armor Level 1  
  117  7:36  Barracks Tech Lab x2  
  118  7:38  SCV  
  118  7:41  Missile Turret  
  118  7:43  SCV  
  119  7:45  Marauder  
  119  7:50  Enhanced Shockwaves  
  121  7:55  Refinery  
  120  7:58  Ghost  
  122  8:11  SCV, Ghost  
  122  8:12  Supply Depot x2  
  126  8:16  Command Center  
  126  8:18  Marine x2  
  127  8:20  SCV x2  
  127  8:23  Ghost  
  131  8:31  SCV  
  131  8:32  Missile Turret  
  131  8:33  Missile Turret, Ghost  
  134  8:35  Supply Depot  
  134  8:36  Supply Depot  
  134  8:37  Marauder, Marine x2  
  134  8:38  Missile Turret  
  134  8:39  SCV  
  134  8:40  Missile Turret  
  139  8:42  Missile Turret  
  139  8:43  Siege Tank  
  139  8:47  Marauder  
  144  8:51  Viking  
  144  8:53  Viking  
  147  8:57  Marauder  
  147  8:59  Supply Depot, Marine  
  147  9:01  Marine  
  155  9:03  Marauder  
  153  9:11  SCV x2, Marine  
  156  9:17  Siege Tank  
  156  9:19  Barracks  
  156  9:21  Barracks  
  156  9:22  Barracks  
  159  9:25  Engineering Bay, Armory, Marine  
  159  9:26  Marauder x2  
  159  9:27  SCV  
  165  9:40  Medivac  
  165  9:41  Marine  
  165  9:42  Marauder  
  165  9:43  SCV  
  165  9:45  Marine  
  171  9:47  Missile Turret  
  171  9:50  Siege Tank  
  171  9:51  SCV  
  173  9:55  SCV  
  173  9:57  Marauder  
  172  10:00  SCV  
  172  10:01  Medivac, Marine  
  172  10:06  Planetary Fortress  
  174  10:11  Marauder  
  174  10:13  Barracks Tech Lab x3  
  172  10:18  Refinery x2, Command Center  
  172  10:21  Marauder, Marine  
  162  10:24  SCV  
  160  10:32  Marauder x2, Marine x2  
  160  10:35  SCV  
Tags
 
Add a new tag
Caveats
  • Supply blocks, unpowered buildings, or Contaminate may cause inaccurate times.
  • Supply counts are checked every 10 seconds.